Cogmind - Beta 13 @@@ ROGUE MODE // 2024.06.23 @ 00:23:22 Player: Dewgzzz Result: Destroyed by as-66856 with Assembled Heavy Rifle Performance ------------- Evolutions (0) 0 Regions Visited (4) 800 Robots Destroyed (29) 145 Value Destroyed (646) 646 Prototype IDs (26) 520 Alien Tech Used (0) 0 Bonus (429) 429 TOTAL SCORE: 2540 Bonus ------- Follower Combat Kills 129 Aligned with FarCom 300 Cogmind --------- Core Integrity 0/250 Matter 300/300 Energy 250/250 System Corruption 0% Temperature Cool (0) Movement Treading (320) Ox2 Location -9/Mines Parts ------- > --- POWER (1) -------- Ion Engine > --- PROPULSION (2) --- Light Treads > --- UTILITY (2) ------ Large Storage Unit Sensor Drone Bay (20/20) > --- WEAPON (2) ------- Light Assault Rifle Grenade Launcher > --- INVENTORY (15) --- Ion Engine Light Ion Engine Compact Wheel Compact Wheel Heat Sink Medium Storage Unit Terrain Scanner Skeleton Box EM Pulse Gun Grenade Launcher Rocket Launcher Peak State ------------ > --- POWER ------------ Ion Engine > --- PROPULSION ------- Light Treads Light Treads > --- UTILITY ---------- Large Storage Unit Sensor Drone Bay > --- WEAPON ----------- Light Assault Rifle Grenade Launcher > --- INVENTORY -------- Ion Engine Light Ion Engine Compact Wheel Compact Wheel Heat Sink Medium Storage Unit Terrain Scanner Skeleton Box EM Pulse Gun Grenade Launcher Rocket Launcher [Rating: 15] Favorites ----------- Power Ion Engine Engine Ion Engine Propulsion Light Treads Treads Light Treads Utility Medium Storage Unit Device Heat Sink Storage Medium Storage Unit Processor Signal Interpreter Weapon Light Assault Rifle Energy Gun EM Pulse Gun Ballistic Gun Light Assault Rifle Launcher Grenade Launcher Build | -11 -10 -10 -10 -9 ------- Run | Yrd Mat Min Exi Min Slots Evolved . | . . . . . Power . | . . . . . Propulsion . | . . . . . Utility . | . . . . . Weapon . | . . . . . Parts Attached 25 | 6 12 5 1 1 Power 3 | 1 1 1 . . Engine 3 | 1 1 1 . . Core . | . . . . . Reactor . | . . . . . Propulsion 7 | 2 4 1 . . Treads 7 | 2 4 1 . . Leg . | . . . . . Wheel . | . . . . . Hover . | . . . . . Flight . | . . . . . Utility 6 | 1 3 . 1 1 Device 2 | . 1 . . 1 Storage 3 | 1 1 . 1 . Processor 1 | . 1 . . . Hackware . | . . . . . Protection . | . . . . . Artifact . | . . . . . Weapon 9 | 2 4 3 . . Energy Gun 5 | 1 2 2 . . Energy Cannon . | . . . . . Ballistic Gun 2 | 1 1 . . . Ballistic Cannon . | . . . . . Launcher 2 | . 1 1 . . Special Weapon . | . . . . . Impact Weapon . | . . . . . Slashing Weapon . | . . . . . Piercing Weapon . | . . . . . Special Melee Weapon . | . . . . . Unidentified Prototypes 1 | . . . . 1 Parts Lost 4 | . 1 2 . 1 Power . | . . . . . Propulsion 2 | . . 1 . 1 Utility . | . . . . . Weapon 2 | . 1 1 . . Highest Loss Streak 2 | . 1 2 . 1 To Critical Strikes . | . . . . . Average Slot Usage (%) 99 | . 97 100 100 99 Engine 13 | . 13 14 14 14 Treads 27 | . 27 28 28 27 Device 2 | . 5 . . 6 Storage 14 | . 14 14 14 14 Processor 10 | . 6 14 14 7 Energy Gun 5 | . 13 2 . . Ballistic Gun 14 | . 14 14 14 14 Launcher 8 | . . 11 14 14 Naked Turns . | . . . . . Heaviest Build 43 | 12 19 19 29 43 Greatest Support 40 | 40 40 40 40 40 Greatest Overweight (x) 1 | . . . . 1 Average Overweight (x) . | . . . . . Largest Inventory Capacity 15 | 8 10 10 15 15 Average Capacity 10 | 6 9 10 10 15 Most Carried 12 | 3 10 10 10 12 Average Carried 8 | 1 8 8 9 10 Final Capacity 15 | 8 10 10 15 15 Final Carried 11 | 3 10 9 10 11 Class Distribution -------------------- 51% | Mutant 48% | Scavenger-Mutant Dominant Class ---------------- Mutant | -10/Materials Scavenger-Mutant | -10/Mines Scavenger-Mutant | -10/Exiles Mutant | -9/Mines Resources | -11 -10 -10 -10 -9 ----------- Run | Yrd Mat Min Exi Min Matter Collected 484 | 260 102 122 . . Remotely . | . . . . . Salvage Created 838 | . 675 163 . . Parts 65 | . 57 8 . . Haulers Intercepted 2 | . 2 . . . Recyclers Shooed . | . . . . . Parts Field Recycled . | . . . . . Retrieved Matter . | . . . . . Parts Self-Destructed . | . . . . . Prevented . | . . . . . Kills | -11 -10 -10 -10 -9 ------- Run | Yrd Mat Min Exi Min Combat Hostiles Destroyed 19 | . 13 6 . . Guns 13 | . 10 3 . . AOE 6 | . 3 3 . . Classes Destroyed 6 | . 6 . . . Worker 3 | . 3 . . . Builder 2 | . 2 . . . Hauler 2 | . 2 . . . Watcher 3 | . 3 . . . Swarmer 6 | . 3 3 . . Grunt 13 | . 10 3 . . Best Kill Streak 6 | . 6 3 . . Combat Bots Only 4 | . 4 3 . . Max Kills in Single Turn 4 | . 4 3 . . Gunslinging . | . . . . . Exploded 3 | . 2 3 . . Melee . | . . . . . Uniques/NPCs Destroyed . | . . . . . Combat | -11 -10 -10 -10 -9 -------- Run | Yrd Mat Min Exi Min Hostile Shots Fired 99 | . 48 26 . 25 Missed 18 | . 9 2 . 7 Damage Taken 1169 | . 557 333 . 279 Core 254 | . 129 99 . 26 Absorbed by Shields . | . . . . . Regen/Repaired (Parts) 119 | . 119 . . . Core Remaining (%) 100 | 100 . . . . Volleys Fired 58 | . 44 14 . . Largest 2 | . 2 2 . . Hottest 60 | . 60 60 . . Shots Fired 107 | . 81 26 . . Gun 105 | . 81 24 . . Cannon . | . . . . . Launcher 2 | . . 2 . . Special . | . . . . . Kinetic 56 | . 44 12 . . Thermal . | . . . . . Explosive 2 | . . 2 . . Electromagnetic 49 | . 37 12 . . Robot Hit Streak 13 | . 13 13 . . Robot Miss Streak 2 | . 2 2 . . Penetration Max . | . . . . . Secondary Targets 1 | . 1 . . . Max Gunslinging Chain 1 | . 1 . . . Shots Hit Robots 78 | . 59 19 . . Core Hits 59 | . 40 12 . 7 Critical Kills . | . . . . . Critical Parts Destroyed . | . . . . . Critical Strikes 1 | . 1 . . . Corrupt 1 | . 1 . . . Melee Attacks . | . . . . . Impact . | . . . . . Slashing . | . . . . . Piercing . | . . . . . Sneak Attacks . | . . . . . Combat Hostiles . | . . . . . Follow-up Attacks . | . . . . . Damage Inflicted 1386 | . 983 365 . 38 Guns 851 | . 642 209 . . Cannons . | . . . . . Explosions 466 | . 310 156 . . Melee . | . . . . . Ramming 69 | . 31 . . 38 Kinetic 335 | . 257 78 . . Thermal 310 | . 310 . . . Explosive 156 | . . 156 . . Electromagnetic 516 | . 385 131 . . Impact . | . . . . . Slashing . | . . . . . Piercing . | . . . . . Highest Corruption . | . . . . . Average Corruption . | . . . . . Corruption Purged . | . . . . . Corruption Blocked . | . . . . . Overload Shots . | . . . . . Overflow Damage . | . . . . . Projectiles . | . . . . . Explosions . | . . . . . Melee . | . . . . . Knockbacks . | . . . . . Impact . | . . . . . Kinetic . | . . . . . Secondary . | . . . . . Self-Inflicted Damage 142 | . 122 20 . . Shots 5 | . 4 1 . . Rammed 23 | . 5 . . 18 Targets Rammed 24 | . 6 . . 18 Kicked . | . . . . . Crushed 1 | . 1 . . . Highest Temperature 144 | . 144 121 . . Average Temperature 61 | . 62 60 . . Received Heat Transfer 405 | . 198 207 . . Siege Activations . | . . . . . Robots Corrupted . | . . . . . Combat Hostiles . | . . . . . Parts Fried 1 | . 1 . . . Impact Corruptions . | . . . . . Robots Melted . | . . . . . Combat Hostiles . | . . . . . Parts Melted . | . . . . . Heat Transferred 300 | . 300 . . . Parts Sabotaged . | . . . . . Parts Stolen . | . . . . . Parts Stripped . | . . . . . Power Chain Reactions 5 | . 5 . . . Alert | -11 -10 -10 -10 -9 ------- Run | Yrd Mat Min Exi Min Peak Influence 332 | . 332 154 . . Initial 42 | . . 42 . . Average 86 | . 120 85 . . Maximum Alert Level 1 | . 1 . . . Low Security (%) 97 | 100 93 100 . 100 Level 1 2 | . 6 . . . Level 2 . | . . . . . Level 3 . | . . . . . Level 4 . | . . . . . Level 5 . | . . . . . High Security . | . . . . . Max Security . | . . . . . Squads Dispatched 3 | . 2 1 . . Investigation 3 | . 2 1 . . Extermination . | . . . . . Reinforcement . | . . . . . Assault . | . . . . . Garrison . | . . . . . Intercept . | . . . . . Searches Triggered . | . . . . . Construction Impeded . | . . . . . Haulers Reinforced . | . . . . . Active Scanning Responses . | . . . . . Cargo Convoy Interrupts . | . . . . . Stealth | -11 -10 -10 -10 -9 --------- Run | Yrd Mat Min Exi Min Distress Signals 1 | . 1 . . . Communications Jammed . | . . . . . Distress Signals . | . . . . . Times Spotted 36 | . 23 12 . 1 Peak Tracking Total 5 | . 5 3 . 1 Tactical Retreats . | . . . . . Traps | -11 -10 -10 -10 -9 ------- Run | Yrd Mat Min Exi Min Traps Triggered 1 | . 1 . . . Indirectly . | . . . . . Trap Hack Attempts . | . . . . . Triggered . | . . . . . Disarmed . | . . . . . Reprogrammed . | . . . . . Reused . | . . . . . Traps Extracted . | . . . . . Installed . | . . . . . Triggered . | . . . . . Machines | -11 -10 -10 -10 -9 ---------- Run | Yrd Mat Min Exi Min Machines Disabled 4 | . 4 . . . Max in Single Turn 1 | . 1 . . . Machines Repaired . | . . . . . Machines Dismantled . | . . . . . Machines Sabotaged . | . . . . . Overloaded Fab Kills . | . . . . . Hacking | -11 -10 -10 -10 -9 --------- Run | Yrd Mat Min Exi Min Machines Accessed 15 | . 8 1 5 1 Terminals 7 | . 6 1 . . Fabricators . | . . . . . Repair Stations 1 | . 1 . . . Recycling Units 1 | . 1 . . . Scanalyzers . | . . . . . Garrison Access . | . . . . . Total Hacks 35 | . 14 2 18 1 Successful 25 | . 6 . 18 1 Failed 10 | . 8 2 . . Catastrophic 6 | . 5 1 . . Database Lockouts . | . . . . . Manual 11 | . 9 1 1 . Terminals 12 | . 10 2 . . Fabricators . | . . . . . Repair Stations 3 | . 3 . . . Recycling Units 1 | . 1 . . . Scanalyzers . | . . . . . Garrison Access . | . . . . . Terminal Hacks 21 | . 2 . 18 1 Record 17 | . . . 17 . Prototype ID Bank 1 | . 1 . . . Open Door 1 | . . . . 1 Branch Access Points 1 | . 1 . . . Derelict Proto ID Bank 1 | . . . 1 . Fabricator Hacks . | . . . . . Repair Station Hacks 3 | . 3 . . . Scan Component 2 | . 2 . . . Repair 1 | . 1 . . . Recycling Unit Hacks 1 | . 1 . . . Report Inventory 1 | . 1 . . . Scanalyzer . | . . . . . Garrison Access Hacks . | . . . . . Unauthorized Hacks . | . . . . . Terminals . | . . . . . Fabricators . | . . . . . Repair Stations . | . . . . . Recycling Units . | . . . . . Scanalyzers . | . . . . . Garrison Access . | . . . . . Data Cores Recovered . | . . . . . Used . | . . . . . Hacking Detections 6 | . 5 1 . . Full Trace Events 4 | . 3 1 . . Feedback Events . | . . . . . Feedback Blocked . | . . . . . Robot Schematics Acquired . | . . . . . Robots Built . | . . . . . Authchips . | . . . . . Time . | . . . . . Total Robot Build Rating . | . . . . . Part Schematics Acquired . | . . . . . Parts Built . | . . . . . Authchips . | . . . . . Time . | . . . . . Total Part Build Rating . | . . . . . Parts Repaired 1 | . 1 . . . Time 26 | . 26 . . . Parts Recycled . | . . . . . Recycled Matter . | . . . . . Retrieved Matter . | . . . . . Retrieved Components . | . . . . . Parts Scanalyzed . | . . . . . Part Schematics Acquired . | . . . . . Parts Damaged . | . . . . . Bothacking | -11 -10 -10 -10 -9 ------------ Run | Yrd Mat Min Exi Min Used RIF Installer . | . . . . . Robots Hacked . | . . . . . Non-combat . | . . . . . Combat . | . . . . . Robot Hacks Applied . | . . . . . Relay Couplers Released . | . . . . . Fabnet Peak Effective % . | . . . . . Robots Rewired 1 | . . 1 . . Allies Hacked . | . . . . . Hacks Repelled . | . . . . . Allies | -11 -10 -10 -10 -9 -------- Run | Yrd Mat Min Exi Min Total Allies 4 | . . 4 . . Largest Group 3 | . . 3 2 2 Highest-Rated Group 40 | . . 40 32 32 Highest-Rated Ally 16 | . . 16 16 16 Total Orders . | . . . . . Ally Attacks 26 | . . 26 . . Total Damage 298 | . . 298 . . Kills 7 | . . 7 . . Allies Corrupted . | . . . . . Allies Melted . | . . . . . Intel | -11 -10 -10 -10 -9 ------- Run | Yrd Mat Min Exi Min Robot Analysis Total . | . . . . . Derelict Logs Recovered 5 | . . 3 . 2 Drone Launches . | . . . . . Drone Recoveries . | . . . . . Exploration | -11 -10 -10 -10 -9 ------------- Run | Yrd Mat Min Exi Min Turns Passed 2981 | 79 1080 949 550 323 Spaces Moved 1647 | 43 550 561 343 150 Core 1 | 1 . . . . Treads 1646 | 42 550 561 343 150 Legs . | . . . . . Wheels . | . . . . . Hover . | . . . . . Flight . | . . . . . Fastest Speed 50 | 50 160 160 160 160 Average Speed 162 | 157 160 160 160 183 Slowest Speed 240 | 160 160 160 160 240 Overloaded Moves . | . . . . . Propulsion Burnouts . | . . . . . Robots Hopped . | . . . . . Cave-ins Triggered . | . . . . . Exploration Rate (%) 51 | 4 73 86 67 28 Regions Visited 4 Branch Regions 3 Pre-discovered Areas 3 | . . 1 1 1 Known Exits Taken 3 | . 1 1 1 . Unknown Exits Taken 1 | 1 . . . . Scrap Searched 1 | . . 1 . . Spaces Dug . | . . . . . Terrain Destroyed 28 | . 13 15 . . Melee . | . . . . . Projectile . | . . . . . AOE 28 | . 13 15 . . Terrain Rammed . | . . . . . Walls Destroyed . | . . . . . Machines Disabled . | . . . . . Actions | -11 -10 -10 -10 -9 --------- Run | Yrd Mat Min Exi Min Total 1825 | 51 670 587 345 172 Wait 55 | . 50 5 . . Move 1643 | 42 549 560 342 150 Hop . | . . . . . Pick Up 13 | 3 7 . 1 2 Fast Attach 11 | 6 5 . . . Attach 5 | . 2 2 . 1 Detach . | . . . . . Swap 9 | . 5 3 1 . Drop 4 | . 2 . 1 1 Fire 58 | . 44 14 . . Melee . | . . . . . Ram . | . . . . . Kick . | . . . . . Crush 24 | . 6 . . 18 Escape Stasis . | . . . . . Rewire 3 | . . 3 . . Trap . | . . . . . Miscellaneous . | . . . . . Route ------- -11/Scrapyard -10/Materials (discovered 3 exits: *Mat x2 / *Min) -10/Mines (discovered 3 exits: *Mat x2 / *Exi) -10/Exiles (discovered 2 exits: *Min x2) -9/Mines History --------- Turn | Location | Event 21 | -11/Scrapyard | Discovered new exit (range 15) 80 | -11/Scrapyard | Entered Materials 301 | -10/Materials | Build established: Mutant 510 | -10/Materials | Discovered new exit (range 15) 672 | -10/Materials | Identified exit to Materials 887 | -10/Materials | Core integrity fell below 50% 934 | -10/Materials | Discovered exit to Materials (range 7) 984 | -10/Materials | Repaired Lgt. Treads 1101 | -10/Materials | Identified exit to Mines 1160 | -10/Materials | Entered Mines 1193 | -10/Mines | Learned Materials emergency access door positions 1232 | -10/Mines | Discovered exit to Materials (range 8) 1274 | -10/Mines | Core integrity fell below 20% 1358 | -10/Mines | Assisted by bots powering up and referring to "LRC-V3" 1377 | -10/Mines | Discovered exit to Materials (range 8) 1473 | -10/Mines | Build established: Scavenger-Mutant 2057 | -10/Mines | Joined a pair of Derelicts in attacking an 0b10 outpost 2102 | -10/Mines | Deemed a non-threat by the Exiles lab entrance 2102 | -10/Mines | Discovered new exit (range 5) 2107 | -10/Mines | Identified exit to Exiles 2109 | -10/Mines | Entered Exiles 2109 | -10/Exiles | Accompanied by 2 allies 2110 | -10/Exiles | Identified exit to Mines 2201 | -10/Exiles | Met 8R-AWN 2223 | -10/Exiles | Met EX-HEX 2292 | -10/Exiles | Met EX-BIN 2314 | -10/Exiles | Aligned with FarCom system 2316 | -10/Exiles | Given EX-Vault access code 2417 | -10/Exiles | Opened EX-Vault 2428 | -10/Exiles | Found Skeleton Box 2462 | -10/Exiles | Warned to stay clear of 0b10 Research branches 2510 | -10/Exiles | Met EX-DEC 2517 | -10/Exiles | Learned location of Zion (-7) 2659 | -10/Exiles | Left Exiles lab with Skeleton Box 2659 | -10/Exiles | Entered Mines 2659 | -9/Mines | Accompanied by 2 allies 2666 | -9/Mines | Received a Rocket Launcher from a helpful Derelict 2779 | -9/Mines | Learned 2 Materials zone layouts 2817 | -9/Mines | Found the Drone Emporium 2827 | -9/Mines | Found Prototype Device 2832 | -9/Mines | Identified Sensor Drone Bay 2910 | -9/Mines | Build established: Mutant 2936 | -9/Mines | Excavation squad dispatched 2936 | -9/Mines | A large section of the Mines collapsed 2982 | -9/Mines | Destroyed by as-66856 with Assembled Heavy Rifle Last Messages --------------- 02952_ T-07 Excavator is excavating. 02953_ Slammed into as-66856. 02957_ T-07 Excavator is excavating. 02957_ Slammed into as-66856. 02959_ K-01 Serf collects debris. 02960_ Slammed into as-66856. 02961_ T-07 Excavator is excavating. 02962_ Slammed into as-66856. 02963_ K-01 Serf collects debris. 02963_ R-06 Scavenger collects Particle Gun. 02965_ Slammed into as-66856. 02966_ T-07 Excavator is excavating. 02967_ Slammed into as-66856. 02970_ T-07 Excavator is excavating. 02972_ Slammed into as-66856. 02974_ T-07 Excavator is excavating. 02974_ Slammed into as-66856. 02978_ Lgt. Treads destroyed. 02979_ T-07 Excavator is excavating. 02979_ Slammed into as-66856. Map ----- +----------------------------------------------------+ | ?????????????????# #????????????? | | ?????????????????###### #????????????? | | ??????????????????????# #????????????? | | ??????????????????????# #????????????? | | ##????????????????????# #????????????? | | ##???????????????????# #????????????? | | #???????????????????# #????????????? | | #?????????????# ##### #????????????? | | #?????????????# ##???????????? | | #??????????????####### ##??????????? | | #???????????????????## ##?????????? | | ##?????????????????## ##????????? | | #????????????????## ###??????? | | ################## ##?????? | | #?????? | | ### #?????? | | ################# #####?## #?????? | | ????????????????####??????## #?????? | | ???????????????????????????# ##?????? | | ???????????????????????????# ##?????? | | ??????????????????????????## ###???? | | ?????????????????????????## % ##??? | | ?????????????????????????# % #??? | | ?????????????????????????# % % #??? | | ????????????????????????##a %% % ##??? | | ????????????????????????#@ %%%#####???? | | ????????????????????????# % % ##??????? | | ????????????????????????# ;##???????? | | ???????????????????????# t ;# ??????? | | ?????????????????????? ##### ????? | | ????????????????????# ## ??? | | ????????????????????## # #?? | | ?????????????????????### ##?? | | ???????????????????????# ## ##??? | | ???????????????????????# ##?###???? | | ??????????????????????? #????????? | | ??????????????????????? #????????? | | ?????????????????????? ## #????????? | | ?????????????????????? #?? #????????? | | ????????????????????? #??? ?????????? | | ??????????????????????????? ?????????? | | ??????????????????????????? ?????????? | | ??????????????????????????????????????? | | ??????????????????????????????????????? | | ??????????????????????????????????????? | | ??????????????????????????????????????? | | ??????????????????????????????????????? | | ??????????????????????????????????????? | | ??????????????????????????????????????? | | ??????????????????????????????????????? | +----------------------------------------------------+ Best States ------------- Heat Dissipation 35 Energy Generation 10 Energy Capacity 250 Matter Stores 300 Matter Capacity 300 Sight Range 16 Terrain Scan Density 10 Evasion (%) 40 Recoil Reduction 2 Item Schematics ----------------- None Robot Schematics ------------------ None Fabricated ------------ Nothing Alien Tech Used ----------------- None Achievements -------------- None Challenges ------------ None Game ------ Seed LinearPlasmaReconfigurator Manual? 0 Play Time 00:31:14 Cumulative 6.3 hours Start 2024.06.22 @ 23:53:24 End 2024.06.23 @ 00:23:22 Sessions 1 Manual Loads 0 Difficulty Rogue Special Mode None Game No. 6 Rogue 6 Adventurer 0 Explorer 0 Win Type - Total 0 Types 0/0/0/0/0/0/0/0/0 Lore% 10 Gallery% 11 Achievement% 12 Wizard Run 0 Options --------- Layout 1 ASCII 0 Keyboard 0 Movement Vi Keybinds 0 Fullscreen 1 Font 16/SmallcapsGlow Map View 55x38 Zoom Use 0% Tactical HUD 1 Map Filters NONE Filters NONE Steam 1 RUN: b1c36bf1-ecaf-4ab1-af15-866bf33000ab